 Dungeon Crawl Stone Soup version 0.31.0-9-g3a7656b989 (console) character file.

Game seed: 16339963421312514549

23037 Ignak the Thaumaturge (level 13, -3/85 (98) HPs)
             Began as a Gnoll Air Elementalist on Jan 25, 2024.
             Was an Elder of Sif Muna.
             Slain by Donald
             ... wielding a +2 demon trident of draining
              (8 damage)
             ... on level 2 of the Orcish Mines.
             The game lasted 00:50:03 (13628 turns).

Ignak the Thaumaturge (Gnoll Air Elementalist)     Turns: 13628, Time: 00:50:06

HP:   -3/85 (98)    AC: 18    Str:  9    XL:     13   Next: 4%
MP:   18/26         EV: 15    Int: 19    God:    Sif Muna [****..]
Gold: 911           SH:  0    Dex: 12    Spells: 4/31 levels left

rFire   + + .        C - +1 great sword {freeze, rPois}
rCold   . . .        (shield currently unavailable)
rNeg    . . .        o - +2 troll leather armour
rPois   +            a - +2 hat {Stlth+}
rElec   .            O - +0 cloak
rCorr   .            (no gloves)
SInv    .            A - +0 pair of boots "Koeq" {rF++ Regen+}
Will    .....        (no amulet)
Stlth   +++++        H - +4 ring of protection
HPRegen 1.94/turn    E - +4 ring of protection
MPRegen 0.20/turn

%: no passive effects
@: heavily drained
A: fangs 1, strong nose, distributed training
a: Renounce Religion, Channel Magic, Forget Spell, Divine Exegesis


You were on level 2 of the Orcish Mines.
You worshipped Sif Muna.
Sif Muna was greatly pleased with you.
You visited 3 branches of the dungeon, and saw 13 of its levels.
You also visited: Sewer.

You collected 1272 gold pieces.
You spent 361 gold pieces at shops.

Inventory:

Hand Weapons
 b - a +4 vampiric short sword
 C - the +1 great sword of Animal Spirits (weapon) {freeze, rPois}
   (You bought it in a shop on level 9 of the Dungeon)

   rPois:     It protects you from poison
 L - a +0 rapier of venom
 Q - a +4 morningstar of freezing
Missiles
 h - 24 poisoned darts (quivered)
 G - 2 throwing nets
Armour
 a - a +2 hat of stealth (worn)
 o - a +2 troll leather armour (worn)
 q - the +4 ring mail of the Little Devil {+Blink rElec Will- Dex+8}
   (You found it on level 10 of the Dungeon)

   Dex+8:     It affects your dexterity (+8).
   rElec:     It insulates you from electricity.
   Will-:     It decreases your willpower.
   +Blink:    It lets you blink.
 A - the +0 pair of boots "Koeq" (worn) {rF++ Regen+}
   (You found it on level 5 of the Dungeon)

   rF++:      It greatly protects you from fire.
   Regen+:    It increases your rate of health regeneration.
 O - a +0 cloak (worn)
Magical Staves
 P - a staff of conjuration
Jewellery
 m - a ring of ice
 E - a +4 ring of protection (right hand)
 H - a +4 ring of protection (left hand)
 T - a ring of poison resistance
Wands
 j - a wand of charming (17)
 s - a wand of digging (2)
 u - a wand of light (3)
 B - a wand of mindburst (29)
 K - a wand of polymorph (11)
 N - a wand of flame (4)
Scrolls
 c - 7 scrolls of teleportation
 e - a scroll of fear
 g - a scroll of immolation
 v - 3 scrolls of blinking
 w - a scroll of amnesia
 x - a scroll of vulnerability
 y - a scroll of silence
 D - a scroll of revelation
 F - a scroll of enchant weapon
 J - 2 scrolls of poison
 S - a scroll of identify
Potions
 d - a potion of berserk rage {unknown}
 f - a potion of invisibility {unknown}
 i - 10 potions of curing
 k - a potion of lignification
 l - 2 potions of brilliance
 p - 3 potions of heal wounds
 r - a potion of magic
 t - a potion of might
 z - a potion of resistance
 I - a potion of enlightenment
 M - a potion of mutation {unknown}
Miscellaneous
 n - a phial of floods (inert)
 R - a lightning rod (3/4)


   Skills:
 + Level 8.1 Fighting
 + Level 8.1 Short Blades
 + Level 8.1 Long Blades
 + Level 8.1 Axes
 + Level 8.1 Maces & Flails
 + Level 8.1 Polearms
 + Level 8.1 Staves
 + Level 8.1 Ranged Weapons
 + Level 8.1 Throwing
 + Level 8.1 Armour
 + Level 9.4 Dodging
 + Level 9.2 Stealth
 + Level 8.1 Shields
 + Level 8.1 Unarmed Combat
 + Level 9.6 Spellcasting
 + Level 7.2 Conjurations
 + Level 6.8 Hexes
 + Level 6.8 Summonings
 + Level 6.8 Necromancy
 + Level 6.8 Translocations
 + Level 6.8 Fire Magic
 + Level 6.8 Ice Magic
 + Level 8.8 Air Magic
 + Level 6.8 Earth Magic
 + Level 6.8 Alchemy
 + Level 8.9 Invocations
 + Level 8.1 Evocations
 + Level 7.4 Shapeshifting


You had 4 spell levels left.
You knew the following spells:

 Your Spells              Type           Power      Damage    Failure   Level
a - Shock                 Conj/Air       100%       1d9       1%          1
b - Swiftness             Air            42%        N/A       1%          3
c - Airstrike             Air            21%        2d(3-19)  2%          4
d - Mephitic Cloud        Conj/Alch/Air  38%        N/A       1%          3
e - Scorch                Fire           70%        2d7       1%          2
f - Freezing Cloud        Conj/Ice/Air   19%        6-21      12%         5
g - Sticky Flame          Fire/Alch      35%        2d7       6%          4
h - Vampiric Draining     Necr           35%        2d8       1%          3
z - Static Discharge      Conj/Air       78%        3-7/arc   1%          2

Your spell library contained the following spells:

 Spells                   Type           Power      Damage    Failure   Level
 Summon Small Mammal      Summ           100%       N/A       1%          1
 Mercury Vapours          Alch/Air       76%        N/A       1%          2
 Call Canine Familiar     Summ           35%        N/A       1%          3
 Fugue of the Fallen      Necr           35%        N/A       1%          3
 Inner Flame              Hex/Fire       35%        N/A       1%          3
 Ozocubu's Armour         Ice            35%        N/A       1%          3
 Tukima's Dance           Hex            35%        N/A       1%          3
 Flame Wave               Conj/Fire      35%        2d10      5%          4
 Iskenderun's Mystic Bla  Conj/Tloc      35%        2d8       5%          4
 Dimensional Bullseye     Hex/Tloc       17%        N/A       6%          4
 Manifold Assault         Tloc           35%        N/A       6%          4
 Summon Blazeheart Golem  Fire/Summ      35%        N/A       6%          4
 Irradiate                Conj/Alch      17%        3d17      16%         5
 Summon Cactus Giant      Summ           17%        N/A       67%         6
 Ignition                 Fire           17%        3d7       100%        8


Dungeon Overview and Level Annotations

Branches:
Dungeon (10/15)            Temple (1/1) D:7            Lair (0/5) D:9
    Orc (2/2) D:10            Elf (0/3) Orc:2         Sewer (visited)

Altars:
Ashenzari
Cheibriados
Dithmenos
Elyvilon
Fedhas
Gozag
Hepliaklqana
Kikubaaqudgha
Makhleb
Nemelex Xobeh
Okawaru
Qazlal
Ru
Sif Muna
Trog
Uskayaw
Vehumet
Wu Jian
Xom
Yredelemnul
Zin
The Shining One

Shops:
D:9 *   D:10 !   Orc:2 *?=?

Annotations:
Orc:2 Donald


Innate Abilities, Weirdness & Mutations

You have very sharp teeth.
Your uncanny sense of smell can sniff out nearby items.
Your experience applies equally to all skills.


Message History

Please select a direction to dig.
Okay, then.
Unknown command.
Okay, then.
Casting: Freezing Cloud (dangerous; 12% risk of failure)
Confirm with . or Enter, or press ? or * to list all spells.
Aiming: Mephitic Cloud (safe; 1% risk of failure)
Press: ? - help, Shift-Dir - straight line, f - Donald
Aim: Donald, wielding a +2 demon trident of draining, wearing a +0 chain mail and wearing a +0 kite shield of reflection (freezing vapour, severely wounded, strong, reflecting blocked projectiles, chance to affect: 34%)
Okay, then.
Okay, then.
Okay, then.
Okay, then.
Okay, then.
Casting: Mephitic Cloud (safe; 1% risk of failure)
Confirm with . or Enter, or press ? or * to list all spells.
Okay, then.
Unknown command.
Unknown command.
Casting: Mephitic Cloud (safe; 1% risk of failure)
Confirm with . or Enter, or press ? or * to list all spells.
Aiming: Sticky Flame (dangerous; 6% risk of failure)
Press: ? - help, Shift-Dir - straight line, f - Donald
Aim: Donald, wielding a +2 demon trident of draining, wearing a +0 chain mail and wearing a +0 kite shield of reflection (freezing vapour, severely wounded, strong, reflecting blocked projectiles)
Okay, then.
Unknown command.
Casting: Sticky Flame (dangerous; 6% risk of failure)
Confirm with . or Enter, or press ? or * to list all spells.
Aiming: Sticky Flame (dangerous; 6% risk of failure)
Press: ? - help, Shift-Dir - straight line, f - Donald
Aim: Donald, wielding a +2 demon trident of draining, wearing a +0 chain mail and wearing a +0 kite shield of reflection (freezing vapour, severely wounded, strong, reflecting blocked projectiles)
The sticky flame hits Donald but does no damage.
Donald is severely wounded.
You hear a sizzling sound!
Donald burns!
Donald hits you with a +2 demon trident of draining!!!
* * * LOW HITPOINT WARNING * * *
You feel drained.
You die...
Donald says, "Well, maybe you weren't so bad after all."

....#......#.#.......#.#...##
<..##.................##..##
...........................#
#..##........................
#######................. ..#.
#######.#.#............
...............#.......
.................○§§°☼..
..##..##).##....@@§§°.#
≈..........##.....#.....
≈≈..........#..........#
≈≈≈≈..................#.
#≈≈≈≈......#....#......
###≈≈≈≈.....#....###....
................## ...#
.................# ###
###≈≈≈≈.....#...##


You could see Donald (strong, burning, reflecting).

Vanquished Creatures
  Gastronok (D:9)
  Nessos (Orc:2)
  Josephine (Orc:2)
  A centaur warrior (D:9)
  Harold (D:10)
  2 two-headed ogres
  A tengu warrior (D:9)
  Sonja (Orc:2)
  3 orc knights (Orc:2)
  A lindwurm (shapeshifter) (D:9)
  2 ugly things (D:9)
  2 cyclopes (D:9)
  Maurice (D:9)
  An orc sorcerer (Orc:1)
  4 kobold blastminers
  A gargoyle (D:9)
  An efreet (D:9)
  A kobold demonologist (D:9)
  A troll (D:10)
  Prince Ribbit (D:9)
  2 hornets
  A shadow (D:9)
  5 wraiths (Orc:2)
  4 yaks (D:9)
  2 wyverns
  A warg (Orc:1)
  Edmund (D:4)
  2 water moccasins
  Duvessa (D:4)
  3 black bears
  31 orc warriors
  Pargi (Sewer)
  4 ice beasts (D:7)
  A swamp drake (D:10)
  A laughing skull (D:9)
  An ogre (D:6)
  10 centaurs
  5 kobold brigands
  A gnoll sergeant (D:7)
  2 brain worms (Sewer)
  5 bullfrogs
  3 scorpions
  11 wights
  Dowan (D:4)
  A killer bee (D:9)
  A bombardier beetle (D:3)
  A hound (D:4)
  A quasit (D:7)
  A gnoll bouda (D:7)
  3 jellies
  17 orc priests
  3 sleepcaps
  4 iguanas
  19 orc wizards
  8 gnolls
  4 adders
  3 shadow imps (D:7)
  4 white imps
  7 ufetubi
  A dart slug (D:3)
  2 ribbon worms (D:3)
  73 orcs
  6 bats
  8 endoplasms
  3 giant cockroaches
  6 goblins
  5 hobgoblins
  2 quokkas (D:1)
  6 ball pythons
  3 frilled lizards
  27 kobolds
  3 rats
349 creatures vanquished.

Vanquished Creatures (collateral kills)
  A hound (D:4)
1 creature vanquished.

Vanquished Creatures (others)
  A centaur (Orc:2)
  4 orcs
  A quokka (D:1)
6 creatures vanquished.

Grand Total: 356 creatures vanquished

Notes
Turn   | Place    | Note
-------+----------+-------------------------------------------
     0 | D:1      | Ignak the Gnoll Air Elementalist began the quest for the
                  | Orb.
     0 | D:1      | Reached XP level 1. HP: 13/13 MP: 6/6
   180 | D:1      | Reached XP level 2. HP: 19/19 MP: 7/7
  1094 | D:2      | Reached skill level 5 in Spellcasting
  1094 | D:2      | Reached XP level 3. HP: 25/25 MP: 7/9
  1789 | D:3      | Reached skill level 1 in Invocations
  1877 | D:3      | Learned a level 2 spell: Static Discharge
  1881 | D:3      | Learned a level 3 spell: Swiftness
  1884 | D:3      | Learned a level 2 spell: Scorch
  1903 | D:3      | Found a glowing drain.
  1912 | Sewer    | Entered a sewer
  1941 | Sewer    | Noticed a brain worm
  1945 | Sewer    | Killed a brain worm
  1946 | Sewer    | Reached skill level 1 in Fighting
  1946 | Sewer    | Reached skill level 1 in Short Blades
  1946 | Sewer    | Reached skill level 1 in Long Blades
  1946 | Sewer    | Reached skill level 1 in Axes
  1946 | Sewer    | Reached skill level 1 in Maces & Flails
  1946 | Sewer    | Reached skill level 1 in Polearms
  1946 | Sewer    | Reached skill level 1 in Staves
  1946 | Sewer    | Reached skill level 1 in Ranged Weapons
  1946 | Sewer    | Reached skill level 1 in Throwing
  1946 | Sewer    | Reached skill level 1 in Armour
  1946 | Sewer    | Reached skill level 1 in Shields
  1946 | Sewer    | Reached skill level 1 in Unarmed Combat
  1946 | Sewer    | Reached skill level 1 in Hexes
  1946 | Sewer    | Reached skill level 1 in Summonings
  1946 | Sewer    | Reached skill level 1 in Necromancy
  1946 | Sewer    | Reached skill level 1 in Translocations
  1946 | Sewer    | Reached skill level 1 in Fire Magic
  1946 | Sewer    | Reached skill level 1 in Ice Magic
  1946 | Sewer    | Reached skill level 1 in Earth Magic
  1946 | Sewer    | Reached skill level 1 in Alchemy
  1946 | Sewer    | Reached skill level 1 in Evocations
  1946 | Sewer    | Reached skill level 1 in Shapeshifting
  1946 | Sewer    | Reached XP level 4. HP: 25/32 MP: 6/11
  1977 | Sewer    | Noticed a brain worm
  1988 | Sewer    | Killed a brain worm
  1989 | Sewer    | Reached XP level 5. HP: 31/37 MP: 5/12
  2100 | Sewer    | Noticed Pargi
  2106 | Sewer    | Killed Pargi
  2107 | Sewer    | Reached skill level 5 in Dodging
  2107 | Sewer    | Reached XP level 6. HP: 31/44 MP: 2/14
  2616 | D:3      | Learned a level 3 spell: Mephitic Cloud
  2621 | D:3      | Learned a level 4 spell: Airstrike
  3083 | D:4      | Noticed Duvessa
  3085 | D:4      | Noticed Dowan
  3203 | D:4      | Killed Duvessa
  3204 | D:4      | Reached XP level 7. HP: 36/51 MP: 12/15
  3271 | D:4      | Found a blossoming altar of Fedhas.
  3306 | D:4      | Reached skill level 5 in Stealth
  3343 | D:4      | Noticed Edmund
  3361 | D:4      | Killed Dowan
  3364 | D:4      | Killed Edmund
  3601 | D:4      | Reached XP level 8. HP: 55/58 MP: 7/16
  3766 | D:4      | Identified the ring of Kofuel {Wiz Fly Str-2 Dex+8 Slay-6}
  3879 | D:4      | Found a burning altar of Makhleb.
  4215 | D:5      | Entered Level 5 of the Dungeon
  4267 | D:5      | Identified the +0 pair of boots "Koeq" {rF++ Regen+}
  4758 | D:5      | Found a sparkling altar of Nemelex Xobeh.
  5593 | D:6      | Reached XP level 9. HP: 51/65 MP: 6/18
  5922 | D:7      | Noticed a hornet
  6005 | D:6      | Killed a hornet
  6153 | D:7      | Identified the +1 leather armour "Rutt" {Harm}
  6390 | D:7      | Found a staircase to the Ecumenical Temple.
  6418 | D:7      | Reached skill level 5 in Invocations
  6427 | Temple   | Entered the Ecumenical Temple
  6461 | Temple   | Became a worshipper of Sif Muna the Loreminder
  6909 | D:8      | Learned a level 5 spell: Freezing Cloud
  6946 | D:8      | Noticed a hornet
  6959 | D:8      | Killed a hornet
  6960 | D:8      | Reached skill level 5 in Fighting
  6960 | D:8      | Reached skill level 5 in Short Blades
  6960 | D:8      | Reached skill level 5 in Long Blades
  6960 | D:8      | Reached skill level 5 in Axes
  6960 | D:8      | Reached skill level 5 in Maces & Flails
  6960 | D:8      | Reached skill level 5 in Polearms
  6960 | D:8      | Reached skill level 5 in Staves
  6960 | D:8      | Reached skill level 5 in Ranged Weapons
  6960 | D:8      | Reached skill level 5 in Throwing
  6960 | D:8      | Reached skill level 5 in Armour
  6960 | D:8      | Reached skill level 5 in Shields
  6960 | D:8      | Reached skill level 5 in Unarmed Combat
  6960 | D:8      | Reached skill level 5 in Evocations
  6960 | D:8      | Reached XP level 10. HP: 74/74 MP: 5/20
  7359 | D:8      | Reached * piety under Sif Muna
  8236 | D:9      | Noticed Gastronok
  8271 | D:9      | Killed Gastronok
  8272 | D:9      | Reached skill level 5 in Conjurations
  8272 | D:9      | Reached skill level 5 in Shapeshifting
  8466 | D:9      | Noticed Prince Ribbit
  8503 | D:9      | Killed Prince Ribbit
  8523 | D:9      | Found Zotsom's Assorted Antiques.
  8524 | D:9      | Noticed Maurice
  8538 | D:9      | Killed Maurice
  8538 | D:9      | Reached ** piety under Sif Muna
  8578 | D:9      | Bought a transparent great sword for 264 gold pieces
  8578 | D:9      | Identified the +1 great sword of Animal Spirits {freeze,
                  | rPois} (You bought it in a shop on level 9 of the Dungeon)
  8609 | D:9      | Found a snail-covered altar of Cheibriados.
  8609 | D:9      | Found a hazy altar of Hepliaklqana.
  8614 | D:9      | Found a hide-covered altar of Uskayaw.
  8633 | D:9      | Found a shadowy altar of Dithmenos.
  8639 | D:9      | Found a glowing silver altar of Zin.
  8835 | D:9      | Reached skill level 5 in Hexes
  8835 | D:9      | Reached skill level 5 in Summonings
  8835 | D:9      | Reached skill level 5 in Necromancy
  8835 | D:9      | Reached skill level 5 in Translocations
  8835 | D:9      | Reached skill level 5 in Fire Magic
  8835 | D:9      | Reached skill level 5 in Ice Magic
  8835 | D:9      | Reached skill level 5 in Earth Magic
  8835 | D:9      | Reached skill level 5 in Alchemy
  8835 | D:9      | Reached XP level 11. HP: 77/78 MP: 20/22
  9118 | D:9      | Noticed a two-headed ogre
  9132 | D:9      | Killed a two-headed ogre
  9211 | D:9      | Found a runed translucent door.
  9211 | D:9      | Noticed a cyclops
  9211 | D:9      | Noticed a white ugly thing
  9223 | D:9      | Killed a cyclops
  9258 | D:9      | Noticed a centaur warrior
  9258 | D:9      | Noticed a cyclops
  9268 | D:9      | Found a runed translucent door.
  9268 | D:9      | Noticed a tengu warrior
  9271 | D:9      | Killed a cyclops
  9452 | D:9      | Killed a centaur warrior
  9524 | D:9      | Killed a tengu warrior
  9680 | D:9      | Noticed a fire crab
  9685 | D:9      | Noticed a brown ugly thing
  9686 | D:9      | Identified the staff "Zoefi" {rPois rF- Dex+4 Hexes Summ
                  | Alchemy}
  9696 | D:9      | Killed a green ugly thing
  9698 | D:9      | Killed a green ugly thing
  9708 | D:9      | Got the Secrets of Esoterica and Dark Words
  9716 | D:9      | Learned a level 3 spell: Vampiric Draining
  9721 | D:9      | Learned a level 4 spell: Sticky Flame
  9959 | D:9      | Found a staircase to the Lair.
 10286 | D:9      | a water moccasin changed into a lindwurm
 10286 | D:9      | Noticed a lindwurm (shapeshifter)
 10290 | D:9      | Killed a lindwurm
 10433 | D:10     | Entered Level 10 of the Dungeon
 10433 | D:10     | Noticed a two-headed ogre
 10445 | D:10     | Killed a two-headed ogre
 10573 | D:10     | Identified the +4 ring mail of the Little Devil {+Blink
                  | rElec Will- Dex+8}
 10673 | D:10     | Found a staircase to the Orcish Mines.
 10681 | D:10     | Noticed Harold
 10683 | D:10     | Reached XP level 12. HP: 80/91 MP: 14/24
 10695 | D:10     | Killed Harold
 10805 | D:10     | Reached *** piety under Sif Muna
 11344 | D:10     | Found Muotu's Distillery.
 11566 | Orc:1    | Entered Level 1 of the Orcish Mines
 12252 | Orc:2    | Entered Level 2 of the Orcish Mines
 12252 | Orc:2    | Noticed Sonja
 12254 | Orc:2    | Killed Sonja
 12618 | Orc:2    | Reached **** piety under Sif Muna
 13276 | Orc:2    | Found a staircase to the Elven Halls.
 13308 | Orc:2    | Noticed Josephine
 13315 | Orc:2    | Killed Josephine
 13424 | Orc:2    | Noticed Nessos
 13449 | Orc:2    | Killed Nessos
 13459 | Orc:2    | Reached XP level 13. HP: 74/98 MP: 7/26
 13513 | Orc:2    | Found Galecwau's Jewellery Shoppe.
 13513 | Orc:2    | Found Peshrovou's Magic Scroll Shop.
 13515 | Orc:2    | Found Ocvysaeg's Assorted Antiques.
 13517 | Orc:2    | Found Eprimuos's Magic Scroll Emporium.
 13523 | Orc:2    | Bought a scroll of blinking for 97 gold pieces
 13620 | Orc:2    | Noticed Donald
 13628 | Orc:2    | Slain by Donald

Illustrated notes

Levels and vault maps discovered:
D:1:      psy_arrival_whirlpool, layout_loops_ring, minmay_door_square,
          minmay_misc_feat_enclosed, lemuel_flame_loot_1
D:2:      layout_loops_corners, minmay_liquid_box,
          chequers_serial_rivers_small_3, hangedman_decor_lopped,
          small_statue_intersection
D:3:      layout_basic, cheibrodos_sewer_entry_bend, grunt_ministairs_12,
          hangedman_decor_clover_reticule
D:4:      layout_basic, fedhas_ov_isle_minmay, lightli_temple_of_fire,
          hangedman_feature_mirror, minmay_cut_off, uniq_edmund, uniq_duvessa
D:5:      layout_layer_cave, kennysheep_mini, minmay_misc_feat_four_crosses
D:6:      layout_rooms
D:7:      layout_rooms, minmay_temple_entry_glass, serial_demonic,
          serial_demonic_a, serial_demonic_d, serial_demonic_a,
          serial_demonic_a, serial_demonic_e
D:8:      layout_layer_cave
D:9:      minmay_the_grid_triangle_9x9_rhombus_full
          [minmay_the_grid_triangle_9x9_dagger,
          minmay_the_grid_triangle_9x9_impossible_snake,
          minmay_the_grid_triangle_9x9_sparse_checkered,
          minmay_the_grid_triangle_9x9_checkered,
          minmay_the_grid_triangle_9x9_minimal,
          minmay_the_grid_triangle_9x9_tough_junction,
          minmay_the_grid_triangle_9x9_descending_squares,
          minmay_the_grid_triangle_9x9_prize_schism], layout_basic,
          chequers_temple_overflow_minitemple, grunt_lair_entry_orc_guard_hut,
          serial_shops, shop, dreamdust_princess_corridor, uniq_prince_ribbit1,
          uniq_gastronok, uniq_maurice
D:10:     layout_roguey, erik_orc_1, serial_shops, shop, uniq_harold
Temple:   compressed_dpeg_circular_temple
Orc:1:    layout_caves, mines2_david
Orc:2:    st_orc_rangers, layout_caves, regret_index_minedec_shroomtown_chain,
          uniq_sonja, uniq_nessos, uniq_donald, uniq_josephine

Skill      XL: |  1  2  3  4  5  6  7  8  9 10 11 12 |
---------------+-------------------------------------+-----
Conjurations   | 2 3 4 5 6 7 |  7.2
Spellcasting   | 5 6 7 8 9 |  9.6
Invocations    | 1 2 3 4 5 6 7 8 |  8.9
Fighting       | 1 2 3 5 6 7 8 |  8.1
Short Blades   | 1 2 3 5 6 7 8 |  8.1
Long Blades    | 1 2 3 5 6 7 8 |  8.1
Axes           | 1 2 3 5 6 7 8 |  8.1
Maces & Flails | 1 2 3 5 6 7 8 |  8.1
Polearms       | 1 2 3 5 6 7 8 |  8.1
Staves         | 1 2 3 5 6 7 8 |  8.1
Ranged Weapons | 1 2 3 5 6 7 8 |  8.1
Throwing       | 1 2 3 5 6 7 8 |  8.1
Armour         | 1 2 3 5 6 7 8 |  8.1
Shields        | 1 2 3 5 6 7 8 |  8.1
Unarmed Combat | 1 2 3 5 6 7 8 |  8.1
Hexes          | 1 2 3 4 5 6 |  6.8
Summonings     | 1 2 3 4 5 6 |  6.8
Necromancy     | 1 2 3 4 5 6 |  6.8
Translocations | 1 2 3 4 5 6 |  6.8
Fire Magic     | 1 2 3 4 5 6 |  6.8
Ice Magic      | 1 2 3 4 5 6 |  6.8
Earth Magic    | 1 2 3 4 5 6 |  6.8
Alchemy        | 1 2 3 4 5 6 |  6.8
Evocations     | 1 2 3 5 6 7 8 |  8.1
Shapeshifting  | 1 2 3 4 5 6 7 |  7.4
Dodging        | 5 6 7 8 9 |  9.4
Stealth        | 5 6 7 8 9 |  9.2
Air Magic      | 6 7 8 |  8.8

Action                     |  1- 3 |  4- 6 |  7- 9 | 10-12 | 13-15 || total
---------------------------+-------+-------+-------+-------+-------++-------
  Melee: Short sword       |    64 |    37 |   157 |       |       ||   258
         Bite              |     5 |     5 |    32 |    41 |       ||    83
         Unarmed           |     1 |       |       |       |       ||     1
         Punch             |       |     1 |     5 |       |       ||     6
         Trident           |       |       |    71 |       |       ||    71
         Battleaxe         |       |       |     8 |    92 |       ||   100
         Great sword       |       |       |       |   247 |     6 ||   253
  Throw: Dart              |       |       |       |    11 |     1 ||    12
   Cast: Shock             |     6 |     1 |     8 |     2 |       ||    17
         Scorch            |     3 |    22 |    81 |    17 |       ||   123
         Mephitic Cloud    |       |     3 |    17 |    26 |       ||    46
         Swiftness         |       |     1 |     3 |     3 |       ||     7
         Freezing Cloud    |       |       |     1 |    51 |     3 ||    55
         Airstrike         |       |       |       |     8 |       ||     8
         Static Discharge  |       |       |       |     4 |       ||     4
         Sticky Flame      |       |       |       |       |     1 ||     1
  Evoke: Lightning rod     |       |       |       |     2 |       ||     2
         Wand              |       |       |       |     1 |       ||     1
         Phial of floods   |       |       |       |     1 |       ||     1
    Use: Scroll            |     5 |       |     5 |     6 |       ||    16
         Potion            |       |       |     3 |     2 |       ||     5
   Stab: Sleeping          |     5 |     3 |     6 |     4 |       ||    18
         Confused          |       |     3 |    11 |    14 |       ||    28
         Distracted        |       |       |     1 |       |       ||     1
 Armour: Robe              |    26 |     9 |       |       |       ||    35
         Troll leather arm |       |    15 |   175 |   398 |    17 ||   605
  Dodge: Dodged            |    47 |    27 |   294 |   469 |     9 ||   846
